 Dungeon Crawl Stone Soup version 0.22.1-6-g1668fe2 (webtiles) character file.

88 Coldstonesans the Grave Robber (level 4, -1/30 HPs)
             Began as a Mummy Necromancer on Jan 17, 2019.
             Slain by Sigmund
             ... wielding a +0 scythe
              (9 damage)
             ... on level 3 of the Dungeon.
             The game lasted 00:03:41 (2302 turns).

Coldstonesans the Grave Robber (Mummy Necromancer)  Turns: 2302, Time: 00:03:42

Health: -1/30      AC:  2    Str: 11    XL:     4   Next: 30%
Magic:  5/9        EV: 12    Int: 15    God:
Gold:   112        SH:  0    Dex: 12    Spells: 8/10 levels left

rFire    x . .     SeeInvis .   g - +0 rapier
rCold    + . .     Gourm    .   (no shield)
rNeg     + + +     Faith    .   a - +0 robe
rPois    ∞         Spirit   .   (no helmet)
rElec    .         Reflect  .   (no cloak)
rCorr    .         Harm     .   (no gloves)
MR       .....                  (no boots)
Stlth    ++........             (no amulet)
HPRegen  0.10/turn              (no ring)
MPRegen  0.11/turn              (no ring)

@: no status effects
A: no food or potions, fire vulnerability, cold resistance 1, negative energy
resistance 3, torment resistance, unbreathing
a: no special abilities


You were on level 3 of the Dungeon.
You were not hungry.

You visited 1 branch of the dungeon, and saw 3 of its levels.

You collected 112 gold pieces.

Inventory:

Hand Weapons
 c - a +0 club
 g - a +0 rapier (weapon)
Armour
 a - a +0 robe (worn)
Scrolls
 b - 4 scrolls of identify {unknown}
 d - a scroll of fog {unknown}
 e - a scroll of enchant armour {unknown}
 f - a scroll of teleportation {unknown}
 h - 3 scrolls of immolation {unknown}
 i - a scroll of enchant weapon {unknown}
 j - a scroll of blinking {unknown}


   Skills:
 + Level 2.0 Dodging
 + Level 2.2 Stealth
 * Level 3.9 Spellcasting
 * Level 4.7 Necromancy


You had 8 spell levels left.
You knew the following spells:

 Your Spells              Type           Power        Failure   Level  Hunger
a - Pain                  Necr           ###.         2%          1    N/A
b - Animate Skeleton      Necr           N/A          2%          1    N/A

Your spell library contained the following spells:

 Spells                   Type           Power        Failure   Level  Hunger
 Vampiric Draining        Necr           ###.......   8%          3    N/A
 Animate Dead             Necr           N/A          26%         4    N/A
 Regeneration             Chrm/Necr      Unusable     N/A         3    N/A

Dungeon Overview and Level Annotations

Branches:
Dungeon (3/15)

Altars:

Annotations:
D:3 Sigmund


Innate Abilities, Weirdness & Mutations

You do not eat or drink.
Your flesh is vulnerable to fire.
You are immune to poison.
Your flesh is cold resistant. (rC+)
You are immune to negative energy. (rN+++)
You are immune to unholy pain and torment.
You can survive without breathing.


Message History

Beogh smites you!
Sigmund points at you and mumbles some strange words.
You are confused.
You're too confused!
You can't drink.
You're too confused!
You bump into the rock wall.
Sigmund casts a spell at you. The magic dart hits you!
You bump into the rock wall.
Sigmund closely misses you.
You miss Sigmund.
You feel less confused. Sigmund closely misses you.
You barely miss Sigmund.
The orc priest calls down the wrath of Beogh upon you.
Beogh smites you!
* * * LOW HITPOINT WARNING * * *
Sigmund hits you with a scythe!
You die...

..# #.# # #.# .# #.#
.# #.# .# #[#
#######)##
#.####.@@o=)..#
#..####......#######.#
#.......######
#..####.# #. #.#
####..####.##
..........[##
##..##.....##
#....<.........


You could see Sigmund and an orc priest.

Vanquished Creatures
  Robin (D:2)
  2 adders (D:2)
  An ooze (D:1)
  A dart slug (D:2)
  2 orcs (D:3)
  5 bats
  11 goblins
  9 hobgoblins
  5 kobolds
  9 frilled lizards
  7 rats
53 creatures vanquished.

Vanquished Creatures (collateral kills)
  A rat (D:2)
1 creature vanquished.

Grand Total: 54 creatures vanquished

Notes
Turn   | Place    | Note
-------+----------+-------------------------------------------
     0 | D:1      | Coldstonesans the Mummy Necromancer began the quest for the
                  | Orb.
     0 | D:1      | Reached XP level 1. HP: 13/13 MP: 4/4
   223 | D:1      | Reached XP level 2. HP: 8/19 MP: 2/5
   946 | D:1      | Learned a level 1 spell: Animate Skeleton
  1359 | D:2      | Reached XP level 3. HP: 24/24 MP: 3/7
  1360 | D:2      | Noticed Robin
  1432 | D:2      | Killed Robin
  1836 | D:2      | Found a faded altar of an unknown god.
  1844 | D:2      | Reached XP level 4. HP: 30/30 MP: 6/9
  2291 | D:3      | Noticed Sigmund
  2302 | D:3      | Slain by Sigmund

Skill      XL: |  1  2  3 |
---------------+----------+-----
Spellcasting   | 3 |  3.9
Stealth        | 2 |  2.2
Dodging        | 2 |  2.0
Necromancy     | |  4.7

Action                   |  1- 3 |  4- 6 || total
-------------------------+-------+-------++-------
Melee: Club              |    23 |       ||    23
       Rapier            |     4 |     3 ||     7
 Cast: Pain              |    65 |    24 ||    89
       Animate Skeleton  |     6 |       ||     6
 Stab: Sleeping          |     1 |       ||     1
       Distracted        |       |     1 ||     1
Armor: Robe              |    11 |       ||    11
Dodge: Dodged            |    40 |     3 ||    43
